BSA
IRVINE GANG GREEN @ NASSAU ROCKETS
08/23/2024
 
TOP OF THE 1ST
Irvine Gang Green batting - Pitching for Nassau Rockets : RHP Mark MacGruder
Pitching: RHP Mark MacGruder
Batting: LHB Tony Tavárez 0-0: Ball
1-0: Ball
2-0: Ground out 6-3 (Groundball, 6)
Batting: LHB Bryce Hopkins 0-0: Ball
1-0: Ground out 6-3 (Groundball, 6M)
Batting: LHB Víctor Quiñones 0-0: Swinging Strike
0-1: Ball
1-1: Foul Ball, location: 2F
1-2: Ball
2-2: SINGLE (Line Drive, 78S)
Batting: LHB Leonardo Medina 0-0: Fly out, F8 (Flyball, 8LM)
Top of the 1st over - 0 run(s), 1 hit(s), 0 error(s), 1 left on base; Irvine 0 - Nassau 0
BOTTOM OF THE 1ST
Nassau Rockets batting - Pitching for Irvine Gang Green : LHP Terry Klassen
Pitching: LHP Terry Klassen
Batting: RHB José Hernández 0-0: Foul Ball, location: 2F
0-1: Called Strike
0-2: Ball
1-2: Foul Ball, location: 2F
1-2: Ball
2-2: Ball
3-2: Fly out, F8 (Flyball, 8LS)
Batting: RHB Ed Sims 0-0: Fly out, F9 (Flyball, 9LMF)
Batting: RHB Felipe Rivera 0-0: Ball
1-0: Ball
2-0: Ball
3-0: Called Strike
3-1: Base on Balls
Batting: SHB Dave MacThomas 0-0: Called Strike
0-1: Swinging Strike
0-2: Strikes out swinging
Bottom of the 1st over - 0 run(s), 0 hit(s), 0 error(s), 1 left on base; Irvine 0 - Nassau 0
TOP OF THE 2ND
Irvine Gang Green batting - Pitching for Nassau Rockets : RHP Mark MacGruder
Batting: RHB Oliver Hernández 0-0: Ball
1-0: Ball
2-0: Ball
3-0: Foul Ball, location: 2F
3-1: Foul Ball, location: 2F
3-2: SINGLE (Groundball, 6MD)
Batting: LHB Tom Baker 0-0: SINGLE (Groundball, 4MD)
Oliver Hernández to second
Runner from 2nd tries for 3rd, OUT!
Batting: RHB Pepe González 0-0: Ball
1-0: Fielders Choice at 2nd, 1-6 (Groundball, 13S)
Batting: RHB José Salazar 0-0: Ball
1-0: Foul Ball, location: 2F
1-1: Foul Ball, location: 2F
1-2: Fielders Choice at 2nd, U6 (Groundball, 6M)
Top of the 2nd over - 0 run(s), 2 hit(s), 0 error(s), 1 left on base; Irvine 0 - Nassau 0
BOTTOM OF THE 2ND
Nassau Rockets batting - Pitching for Irvine Gang Green : LHP Terry Klassen
Batting: LHB Jarred Jackson 0-0: Ball
1-0: Foul Ball, location: 2F
1-1: Ball
2-1: Ground out 4-3 (Groundball, 4)
Batting: RHB Carlos MacKinney 0-0: Fly out, F9 (Flyball, 9LD)
Batting: SHB Suezo Sugimoto 0-0: Ball
1-0: Called Strike
1-1: SINGLE (Groundball, 56D)
Batting: RHB Vern Carlton 0-0: Ball
1-0: Called Strike
1-1: Ball
2-1: Swinging Strike
2-2: Foul Ball, location: 2F
2-2: Foul Ball, location: 2F
2-2: Strikes out swinging
Bottom of the 2nd over - 0 run(s), 1 hit(s), 0 error(s), 1 left on base; Irvine 0 - Nassau 0
TOP OF THE 3RD
Irvine Gang Green batting - Pitching for Nassau Rockets : RHP Mark MacGruder
Batting: RHB Earl Wiggins 0-0: Ball
1-0: Ground out 5-3 (Groundball, 56)
Batting: LHB Tony Tavárez 0-0: Called Strike
0-1: Fly out, F2 (Popup, 2LF)
Batting: LHB Bryce Hopkins 0-0: Ball
1-0: Called Strike
1-1: Foul Ball, location: 2F
1-2: Ground out 5-3 (Groundball, 56S)
Top of the 3rd over - 0 run(s), 0 hit(s), 0 error(s), 0 left on base; Irvine 0 - Nassau 0
BOTTOM OF THE 3RD
Nassau Rockets batting - Pitching for Irvine Gang Green : LHP Terry Klassen
Batting: LHB Rafael Delgado 0-0: Foul Ball, location: 2F
0-1: Ball
1-1: Ground out 6-3 (Groundball, 4M)
Batting: RHB José Hernández 0-0: Called Strike
0-1: Ball
1-1: Ball
2-1: Foul Ball, location: 2F
2-2: Foul Ball, location: 2F
2-2: Foul Ball, location: 2F
2-2: Ball
3-2: Hit by Pitch
Batting: RHB Ed Sims 0-0: Ball
1-0: Ball
2-0: Foul Ball, location: 2F
2-1: Ball
3-1: Grounds into double play, 5-4-3 (Groundball, 56)
Bottom of the 3rd over - 0 run(s), 0 hit(s), 0 error(s), 0 left on base; Irvine 0 - Nassau 0
TOP OF THE 4TH
Irvine Gang Green batting - Pitching for Nassau Rockets : RHP Mark MacGruder
Batting: LHB Víctor Quiñones 0-0: Foul Ball, location: 2F
0-1: DOUBLE (Line Drive, 7LD)
Batting: LHB Leonardo Medina 0-0: Called Strike
0-1: Ball
1-1: Ball
2-1: Foul Ball, location: 2F
2-2: Foul Ball, location: 2F
2-2: SINGLE (Groundball, 4M)
Víctor Quiñones to third
Batting: RHB Oliver Hernández 0-0: Ball
1-0: Swinging Strike
1-1: Foul Ball, location: 2F
1-2: SINGLE (Popup, 89S)
Víctor Quiñones scores
Leonardo Medina to second
Runner from 2nd tries for 3rd, SAFE, throw made to third
Oliver Hernández to second
Batting: LHB Tom Baker 0-0: Called Strike
0-1: Ball
1-1: Ball
2-1: SINGLE (Groundball, 13) (infield hit)
Leonardo Medina scores
Oliver Hernández to third
Batting: RHB Pepe González 0-0: Foul Ball, location: 2F
0-1: Fly out, F9 (Flyball, 9LS)
Batting: RHB José Salazar 0-0: SINGLE (Line Drive, 4MD)
Oliver Hernández scores
Tom Baker to second
Batting: RHB Earl Wiggins 0-0: Swinging Strike
0-1: Called Strike
0-2: Ball
1-2: Strikes out looking
Batting: LHB Tony Tavárez 0-0: Foul Ball, location: 2F
0-1: Ball
1-1: Fly out, F8 (Flyball, 8RM)
Top of the 4th over - 3 run(s), 5 hit(s), 0 error(s), 2 left on base; Irvine 3 - Nassau 0
BOTTOM OF THE 4TH
Nassau Rockets batting - Pitching for Irvine Gang Green : LHP Terry Klassen
Batting: RHB Felipe Rivera 0-0: Swinging Strike
0-1: Foul Ball, location: 2F
0-2: Ball
1-2: Ball
2-2: Strikes out swinging
Batting: SHB Dave MacThomas 0-0: Ball
1-0: Called Strike
1-1: Fly out, F9 (Popup, 4D)
Batting: LHB Jarred Jackson 0-0: Called Strike
0-1: Swinging Strike
0-2: Ball
1-2: Fly out, F7 (Popup, 6D)
Bottom of the 4th over - 0 run(s), 0 hit(s), 0 error(s), 0 left on base; Irvine 3 - Nassau 0
TOP OF THE 5TH
Irvine Gang Green batting - Pitching for Nassau Rockets : RHP Mark MacGruder
Batting: LHB Bryce Hopkins 0-0: Called Strike
0-1: Ball
1-1: Called Strike
1-2: Ball
2-2: Strikes out swinging
Batting: LHB Víctor Quiñones 0-0: Ball
1-0: Ball
2-0: Foul Ball, location: 2F
2-1: Ball
3-1: Base on Balls
Batting: LHB Leonardo Medina 0-0: Ball
1-0: Called Strike
1-1: Foul Ball, location: 2F
1-2: Ball
2-2: Fielders Choice at 2nd, 2-4 (Groundball, 2R)
Batting: RHB Oliver Hernández 0-0: Called Strike
0-1: Ball
1-1: Ground out 4-3 (Groundball, 4)
Top of the 5th over - 0 run(s), 0 hit(s), 0 error(s), 1 left on base; Irvine 3 - Nassau 0
BOTTOM OF THE 5TH
Nassau Rockets batting - Pitching for Irvine Gang Green : LHP Terry Klassen
Batting: RHB Carlos MacKinney 0-0: Swinging Strike
0-1: Ground out 6-3 (Groundball, 6M)
Batting: SHB Suezo Sugimoto 0-0: Called Strike
0-1: Swinging Strike
0-2: Strikes out looking
Batting: RHB Vern Carlton 0-0: Called Strike
0-1: Ball
1-1: Foul Ball, location: 2F
1-2: Ground out 1-3 (Groundball, 13S)
Bottom of the 5th over - 0 run(s), 0 hit(s), 0 error(s), 0 left on base; Irvine 3 - Nassau 0
TOP OF THE 6TH
Irvine Gang Green batting - Pitching for Nassau Rockets : RHP Mark MacGruder
Batting: LHB Tom Baker 0-0: Ball
1-0: Ball
2-0: Fly out, F9 (Flyball, 9LM)
Batting: RHB Pepe González 0-0: Called Strike
0-1: Ball
1-1: Fly out, F9 (Flyball, 89M)
Batting: RHB José Salazar 0-0: Fly out, F8 (Flyball, 8RS)
Top of the 6th over - 0 run(s), 0 hit(s), 0 error(s), 0 left on base; Irvine 3 - Nassau 0
BOTTOM OF THE 6TH
Nassau Rockets batting - Pitching for Irvine Gang Green : LHP Terry Klassen
Batting: LHB Rafael Delgado 0-0: Ball
1-0: Swinging Strike
1-1: Bunted foul
1-2: SINGLE (Groundball, 56D) (infield hit)
Batting: RHB José Hernández 0-0: Ball
1-0: Ball
Rafael Delgado steals 2nd base
2-0: SINGLE (Line Drive, 89M)
Rafael Delgado to third
Batting: RHB Ed Sims 0-0: Ball
Balk!
Rafael Delgado scores
José Hernández to second
1-0: Ball
2-0: Called Strike
2-1: Ground out 4-3 (Groundball, 4)
José Hernández to third
Batting: RHB Felipe Rivera 0-0: Ground out 4-3 (Groundball, 4)
José Hernández scores
Batting: SHB Dave MacThomas 0-0: Ball
1-0: Ball
2-0: TRIPLE (Flyball, 9LM)
Batting: LHB Jarred Jackson 0-0: Called Strike
0-1: Ball
1-1: Fly out, F8 (Flyball, 8LM)
Bottom of the 6th over - 2 run(s), 3 hit(s), 0 error(s), 1 left on base; Irvine 3 - Nassau 2
TOP OF THE 7TH
Irvine Gang Green batting - Pitching for Nassau Rockets : RHP Mark MacGruder
Batting: RHB Earl Wiggins 0-0: Swinging Strike
0-1: Foul Ball, location: 2F
0-2: Ball
1-2: Fly out, F7 (Line Drive, 7LM)
Batting: LHB Tony Tavárez 0-0: DOUBLE (Line Drive, 8LM)
Pinch Hitting: LHB Lorenzo Quintanilla 0-0: Ball
1-0: Ball
Tony Tavárez steals 3rd base
2-0: Ball
3-0: Called Strike
3-1: Base on Balls
Pitching: RHP Jerry Good
Batting: LHB Víctor Quiñones 0-0: Ball
1-0: Ball
2-0: Foul Ball, location: 2F
2-1: Foul Ball, location: 2F
2-2: Foul Ball, location: 2F
2-2: SINGLE (Groundball, 34D)
Tony Tavárez scores
Lorenzo Quintanilla to second
Runner from 2nd tries for 3rd, SAFE, no throw or cutoff
Batting: LHB Leonardo Medina 0-0: SINGLE (Groundball, 3D)
Lorenzo Quintanilla scores
Víctor Quiñones to second
Batting: RHB Oliver Hernández 0-0: Foul Ball, location: 2F
0-1: Foul Ball, location: 2F
0-2: Grounds into double play, 4-6-3 (Groundball, 4)
Top of the 7th over - 2 run(s), 3 hit(s), 0 error(s), 1 left on base; Irvine 5 - Nassau 2
BOTTOM OF THE 7TH
Nassau Rockets batting - Pitching for Irvine Gang Green : LHP Terry Klassen
Now in LF: Lorenzo Quintanilla
Batting: RHB Carlos MacKinney 0-0: Foul Ball, location: 2F
0-1: Called Strike
0-2: Ball
1-2: Ball
2-2: Ball
3-2: Ground out U3 (Groundball, 3S)
Batting: SHB Suezo Sugimoto 0-0: Called Strike
0-1: Ball
1-1: Swinging Strike
1-2: Strikes out swinging
Batting: RHB Vern Carlton 0-0: Swinging Strike
0-1: Fly out, F6 (Popup, 4MS)
Bottom of the 7th over - 0 run(s), 0 hit(s), 0 error(s), 0 left on base; Irvine 5 - Nassau 2
TOP OF THE 8TH
Irvine Gang Green batting - Pitching for Nassau Rockets : RHP Jerry Good
Batting: LHB Tom Baker 0-0: Called Strike
0-1: Ball
1-1: Fly out, F7 (Flyball, 7LM)
Batting: RHB Pepe González 0-0: Ball
1-0: Swinging Strike
1-1: Ball
2-1: Ground out 1-3 (Groundball, 13)
Batting: RHB José Salazar 0-0: DOUBLE (Line Drive, 7M)
Batting: RHB Earl Wiggins 0-0: Ball
1-0: SINGLE (Line Drive, 78S)
José Salazar to third
Runner from 3rd tries for Home, SAFE, no throw or cutoff
Batting: LHB Tony Tavárez 0-0: Ball
1-0: Called Strike
1-1: Ball
2-1: Ball
3-1: Fielders Choice at 2nd, U6 (Groundball, 6MD)
Top of the 8th over - 1 run(s), 2 hit(s), 0 error(s), 1 left on base; Irvine 6 - Nassau 2
BOTTOM OF THE 8TH
Nassau Rockets batting - Pitching for Irvine Gang Green : LHP Terry Klassen
Pitching: RHP Robert Powers
Batting: LHB Rafael Delgado 0-0: Ball
1-0: Ball
2-0: Called Strike
2-1: Ball
3-1: Foul Ball, location: 2F
3-2: Strikes out swinging
Batting: RHB José Hernández 0-0: Ground out 1-3 (Groundball, 13)
Batting: RHB Ed Sims 0-0: SINGLE (Groundball, 6M) (infield hit)
Batting: RHB Felipe Rivera 0-0: Foul Ball, location: 2F
0-1: Ground out 6-3 (Groundball, 6)
Bottom of the 8th over - 0 run(s), 1 hit(s), 0 error(s), 1 left on base; Irvine 6 - Nassau 2
TOP OF THE 9TH
Irvine Gang Green batting - Pitching for Nassau Rockets : RHP Jerry Good
Batting: LHB Lorenzo Quintanilla 0-0: SINGLE (Line Drive, 7LS)
Batting: LHB Víctor Quiñones 0-0: Ball
1-0: Ball
2-0: Ball
3-0: Called Strike
3-1: Foul Ball, location: 2F
3-2: Base on Balls
Lorenzo Quintanilla to second
Batting: LHB Leonardo Medina 0-0: Called Strike
0-1: Called Strike
0-2: Ball
1-2: Foul Ball, location: 2F
1-2: Strikes out swinging
Batting: RHB Oliver Hernández 0-0: Called Strike
0-1: Foul Ball, location: 2F
0-2: Strikes out looking
Pitching: RHP Augusto Muñíz
Batting: LHB Tom Baker 0-0: Foul Ball, location: 2F
0-1: Called Strike
0-2: Ball
1-2: DOUBLE (Line Drive, 5D)
Lorenzo Quintanilla scores
Víctor Quiñones to third
Batting: RHB Pepe González 0-0: Called Strike
0-1: Foul Ball, location: 2F
0-2: Ball
1-2: Ball
2-2: Foul Ball, location: 2F
2-2: Foul Ball, location: 2F
2-2: Foul Ball, location: 2F
2-2: Ground out 4-3 (Groundball, 4)
Top of the 9th over - 1 run(s), 2 hit(s), 0 error(s), 2 left on base; Irvine 7 - Nassau 2
BOTTOM OF THE 9TH
Nassau Rockets batting - Pitching for Irvine Gang Green : RHP Robert Powers
Batting: SHB Dave MacThomas 0-0: Foul Ball, location: 2F
0-1: Ball
1-1: Called Strike
1-2: Strikes out looking
Batting: LHB Jarred Jackson 0-0: Ball
1-0: Called Strike
1-1: Ball
2-1: Foul Ball, location: 2F
2-2: Ball
3-2: Base on Balls
Batting: RHB Carlos MacKinney 0-0: Ball
1-0: Grounds into double play, 6-4-3 (Groundball, 6)
Bottom of the 9th over - 0 run(s), 0 hit(s), 0 error(s), 0 left on base; Irvine 7 - Nassau 2
This league is powered by Out of the Park Baseball, the baseball management simulation game for PC, Mac and Linux
Saturday, April 9th, 2016 - OOTP Baseball 16.8 Build 38